 Dungeon Crawl Stone Soup version 0.28-a0-850-g09de17f5b5 (webtiles) character file.

Game seed: 4736967143322381259

330 BinkBink the Conjurer (level 6, -1/32 HPs)
             Began as a Deep Elf Conjurer on Nov 14, 2021.
             Slain by Pikel (12 damage)
             ... on level 4 of the Dungeon.
             The game lasted 00:07:47 (3586 turns).

BinkBink the Conjurer (Deep Elf Conjurer)           Turns: 3586, Time: 00:07:48

Health: -1/32      AC:  2    Str:  4    XL:     6   Next: 26%
Magic:  8/16       EV: 12    Int: 25    God:
Gold:   88         SH:  0    Dex: 13    Spells: 13/16 levels left

rFire   . . .      SeeInvis .   l - staff of conjuration
rCold   . . .      Faith    .   (no shield)
rNeg    . . .      Spirit   .   a - +0 robe
rPois   .          Reflect  .   (no helmet)
rElec   .          Harm     .   (no cloak)
rCorr   .          Rampage  .   (no gloves)
Will    .....                   (no boots)
Stlth   ++........              (no amulet)
HPRegen 0.10/turn               (no ring)
MPRegen 0.15/turn               (no ring)

@: no status effects
A: no striking features
a: no special abilities


You were on level 4 of the Dungeon.
You visited 1 branch of the dungeon, and saw 4 of its levels.

You collected 88 gold pieces.

Inventory:

Armour
 a - a +0 robe (worn)
Magical Staves
 l - a staff of conjuration (weapon)
 o - a staff of poison
Wands
 s - a wand of paralysis (6)
Scrolls
 b - 4 scrolls of identify {unknown}
 f - 2 scrolls of magic mapping {unknown}
 g - a scroll of enchant armour {unknown}
 j - a scroll of noise {unknown}
 m - 2 scrolls of amnesia {unknown}
 r - a scroll of immolation {unknown}
Potions
 c - 3 potions of heal wounds {unknown}
 d - 2 potions of flight {unknown}
 e - a potion of ambrosia {unknown}
 h - a potion of resistance {unknown}
 i - a potion of haste {unknown}
 k - a potion of curing {unknown}
 n - a potion of might {unknown}
 p - a potion of attraction {unknown}
 q - a potion of invisibility {unknown}


   Skills:
 - Level 2.4 Dodging
 - Level 2.4 Stealth
 + Level 5.6 Spellcasting
 + Level 7.3 Conjurations


You had 13 spell levels left.
You knew the following spells:

 Your Spells              Type           Power      Damage    Failure   Level
a - Magic Dart            Conj           100%       1d8       1%          1
b - Searing Ray           Conj           100%       2d8       1%          2

Your spell library contained the following spells:

 Spells                   Type           Power      Damage    Failure   Level
 Dazzling Flash           Conj/Hex       74%        N/A       5%          3
 Fulminant Prism          Conj/Hex       18%        3d11      17%         4
 Iskenderun's Mystic Bla  Conj/Tloc      37%        2d9       17%         4


Dungeon Overview and Level Annotations

Branches:
Dungeon (4/15)
 Temple: D:4-7

Altars:
Elyvilon
Zin

Shops:
D:2 (

Annotations:
D:4 Pikel


Message History

The lemure is moderately wounded.
The searing ray hits the lemure!
The lemure is moderately wounded.
The lemure hits you!
The searing ray hits the lemure!
The lemure is severely wounded.
The searing ray hits the lemure!
The lemure is severely wounded.
A hobgoblin comes into view.
The lemure hits you!
The searing ray hits the lemure!
You kill the lemure!
That felt strangely unrewarding.
The searing ray hits the lemure.
The lemure is almost dead.
You finish channelling your searing ray.
Unknown command.
The lemure closely misses you.
Casting: Searing Ray (safe; 1% risk of failure)
Confirm with . or Enter, or press ? or * to list all spells.
Aiming: Searing Ray (safe; 1% risk of failure)
Press: ? - help, Shift-Dir - straight line, f - lemure
Aim: a lemure (almost dead, 79% to hit)
You feel a surge of power!
The searing ray hits the lemure!
You kill the lemure!
That felt strangely unrewarding.
The searing ray hits the goblin!
You kill the goblin!
The searing ray misses the hobgoblin. (Press . to maintain the ray.)
The dart slug launches a dart at you. The slug dart hits you.
The searing ray hits Pikel!
Pikel is moderately wounded.
The searing ray hits the hobgoblin!
You kill the hobgoblin!
The searing ray hits Pikel!
Pikel is heavily wounded.
The searing ray hits the lemure.
The lemure is lightly wounded.
Pikel hits you with a +1 whip of flaming!
You die...

##### ...( # ..#
.# #######
#.####.#
#.....###.#....#
#.............#
##.#####.#<...#
#.@.....#.#......
##K.#####.#...###
.5.# #.#.5.#####
#..w# #.##..#....
..... .>#...#.###
##.#.##
#.#.......# .. ..
.......#.#.# ..
.# ##.....#.#.#
#.....#.. #


You could see Pikel, a lemure and a dart slug.

Vanquished Creatures
  2 lemures (D:4)
  2 scorpions
  Jessica (D:2)
  Natasha (thrice) (D:2)
  An orc wizard (D:3)
  2 adders (D:3)
  3 dart slugs
  5 orcs
  7 endoplasms
  7 goblins
  7 hobgoblins
  6 jackals (D:2)
  4 kobolds
  2 quokkas (D:1)
  3 ball pythons
  3 bats
  2 frilled lizards
  4 rats
64 creatures vanquished.

Vanquished Creatures (others)
  A demonic plant (D:1)
1 creature vanquished.

Grand Total: 65 creatures vanquished

Notes
Turn   | Place    | Note
-------+----------+-------------------------------------------
     0 | D:1      | BinkBink the Deep Elf Conjurer began the quest for the Orb.
     0 | D:1      | Reached XP level 1. HP: 10/10 MP: 6/6
   278 | D:1      | Reached XP level 2. HP: 15/15 MP: 4/8
   403 | D:1      | Found a faded altar of an unknown god.
   466 | D:1      | Reached skill level 5 in Conjurations
   882 | D:1      | Learned a level 2 spell: Searing Ray
   926 | D:2      | Noticed Natasha
   930 | D:2      | Killed Natasha
   931 | D:2      | Reached XP level 3. HP: 19/19 MP: 2/10
   968 | D:2      | Noticed Natasha
   972 | D:2      | Killed Natasha
   973 | D:2      | Reached XP level 4. HP: 21/24 MP: 1/11
  1060 | D:2      | Found Tonn's Weapon Shoppe.
  1158 | D:2      | You fall into a shaft and drop 1 floor!
  1170 | D:3      | Noticed a scorpion
  1190 | D:3      | Found a glowing silver altar of Zin.
  1332 | D:3      | Reached skill level 6 in Conjurations
  2072 | D:2      | Noticed Jessica
  2075 | D:2      | Killed Jessica
  2164 | D:2      | Reached XP level 5. HP: 28/28 MP: 8/13
  2256 | D:2      | Noticed Natasha
  2268 | D:2      | Killed Natasha
  2508 | D:2      | Found a white marble altar of Elyvilon.
  2843 | D:3      | Reached skill level 5 in Spellcasting
  2988 | D:3      | Reached skill level 7 in Conjurations
  3171 | D:4      | Noticed a lemure
  3171 | D:4      | Noticed a lemure
  3171 | D:4      | Noticed Pikel
  3263 | D:4      | Reached XP level 6. HP: 32/32 MP: 8/16
  3586 | D:4      | Slain by Pikel

Illustrated notes

Levels and vault maps discovered:
D:1:      amcnicky_arrival_single_pillar, layout_basic,
          dreamdust_ecumenical_altar_sealed_demon
D:2:      layout_loops_ring, basic_altar, serial_shops, shop_statue,
          uniq_natasha, uniq_jessica
D:3:      layout_loops_ring, mainiacjoe_overflow_chevrons, grunt_decor_cap,
          chequers_serial_rivers_micro_a, lemuel_old_faithful
D:4:      layout_basic, minmay_temple_entry_hall, enter_ossuary_2, uniq_pikel

Skill      XL: |  1  2  3  4  5 |
---------------+----------------+-----
Conjurations   | 5 6 7 |  7.3
Spellcasting   | 4 5 |  5.6
Dodging        | |  2.4
Stealth        | |  2.4

Action                   |  1- 3 |  4- 6 || total
-------------------------+-------+-------++-------
 Cast: Magic Dart        |    33 |    78 ||   111
       Searing Ray       |     4 |     7 ||    11
Armor: Robe              |       |     2 ||     2
Dodge: Dodged            |     1 |     8 ||     9

Table legend: (Time is in decaauts)
 A = Elapsed time spent in this place.
 B = Non-inter-level travel time spent in this place.
 C = Inter-level travel time spent in this place.
 D = Time resting spent in this place.
 E = Time spent auto-exploring this place.
 F = Levels seen in this place.
 G = Mean time per level.
                   A        B        C        D        E       F      G
               +--------+--------+--------+--------+--------+-----+--------+
         Total |   3589 |   3463 |    126 |      0 |   2907 |   4 |  897.2 |
       Dungeon |   3589 |   3463 |    126 |      0 |   2907 |   4 |  897.2 |
               +--------+--------+--------+--------+--------+-----+--------+

Top non-repeatable levels by time:
     D:2: 1385 daAuts
     D:3: 1091 daAuts
     D:1: 903 daAuts
     D:4: 209 daAuts
